Map: Emerald City LE

Players

SCARBONI

  • Race: Zerg Zerg
  • Spawn Location: 5:00

MarkAllan

  • Race: Zerg Zerg
  • Spawn Location: 5:00

OpuS - Winner!

  • Race: Protoss Protoss
  • Spawn Location: 11:00

Sketchaphone - Winner!

  • Race: Zerg Zerg
  • Spawn Location: 11:00

VOD

Have the link to the VOD?

Description

Time

  • Played on: Jan. 22, 2019, 2:53 p.m.
  • Length: 14:49
Show
View Real Time Build Order
Export as new Build Order

SCARBONI Zerg 

Build Orders: Hatch First 

Get SALT Encoding   

  12  0:01  Drone  
  13  0:12  Overlord  
  13  0:17  Drone  
  14  0:31  Drone x2  
  14  0:35  Drone  
  17  0:53  Hatchery  
  16  1:06  Spawning Pool  
  16  1:11  Extractor  
  14  1:12  Drone  
  14  1:16  Drone  
  16  1:19  Drone  
  16  1:24  Drone  
  18  1:35  Drone  
  19  1:47  Overlord  
  19  1:54  Queen  
  19  1:58  Zergling x2  
  22  2:06  Queen  
  22  2:07  Zergling x2  
  22  2:08  Zergling x2  
  26  2:19  Zergling x4  
  28  2:29  Drone x2  
  30  2:38  Drone  
  30  2:39  Metabolic Boost  
  31  2:45  Overlord  
  31  2:58  Drone x2  
  33  3:00  Drone x2  
  35  3:13  Drone  
  36  3:20  Hatchery  
  35  3:28  Drone x3  
  35  3:29  Drone  
  37  3:49  Zergling x2  
  37  3:50  Zergling x8  
  41  4:01  Drone x2  
  41  4:02  Drone  
  42  4:19  Roach Warren  
  41  4:24  Spine Crawler  
  41  4:25  Spine Crawler  
  41  4:26  Spine Crawler x2  
  41  4:28  Drone x2  
  41  4:29  Drone x3  
  42  4:37  Queen  
  44  4:42  Overlord x2  
  44  4:52  Extractor x2  
  42  5:02  Drone x2  
  42  5:03  Drone x4  
  42  5:05  Spine Crawler  
  42  5:06  Spine Crawler  
  46  5:12  Drone x5  
  46  5:13  Drone x4  
  55  5:19  Roach  
  57  5:41  Lair  
  57  5:43  Roach  
  57  5:44  Roach x3  
  57  5:45  Extractor  
  64  5:52  Drone  
  64  5:53  Drone  
  66  6:05  Overlord x4  
  66  6:15  Overlord x3  
  66  6:23  Overlord x4  
  66  6:25  Roach x2  
  70  6:31  Roach x4  
  70  6:32  Roach  
  80  6:52  Zergling x4  
  80  6:53  Zergling x10  
  87  7:03  Glial Reconstitution  
  87  7:11  Roach x7  
  87  7:12  Roach  
  87  7:13  Hatchery  
  93  7:39  Zergling x14  
  93  7:40  Zergling x12  
  103  7:49  Hydralisk Den  
  96  7:54  Spore Crawler  
  96  7:55  Spore Crawler  
  96  7:56  Spore Crawler  
  87  8:05  Spore Crawler x3  
  71  8:11  Spore Crawler, Drone  
  71  8:12  Drone x6  
  68  8:13  Spore Crawler  
  68  8:18  Hydralisk x2  
  69  8:23  Hydralisk  
  69  8:29  Hydralisk  
  69  8:30  Hydralisk  
  73  8:34  Hydralisk  
  73  8:39  Hydralisk x2  
  67  8:43  Hydralisk  
  67  8:46  Hydralisk  
  68  8:57  Hydralisk x3  
  68  8:58  Hydralisk  
  68  9:01  Hydralisk  
  76  9:06  Hydralisk x2  
  80  9:11  Hydralisk  
  80  9:12  Hydralisk  
  80  9:16  Hydralisk  
  84  9:20  Hydralisk  
  88  9:26  Spore Crawler  
  88  9:27  Spore Crawler  
  82  9:35  Drone x7  
  89  9:39  Extractor x2  
  89  9:42  Spore Crawler  
  86  9:51  Grooved Spines  
  86  9:55  Drone  
  86  9:56  Drone x7  
  86  9:57  Drone x2  
  96  10:05  Tunneling Claws  
  96  10:13  Hydralisk x3  
  96  10:14  Hydralisk  
  102  10:36  Roach x2  
  102  10:37  Roach x7  
  102  10:38  Roach  
  122  10:46  Spore Crawler  
  122  10:47  Spore Crawler  
  122  10:49  Spore Crawler x2  
  118  10:54  Queen  
  118  10:56  Drone x3  
  123  11:02  Muscular Augments  
  123  11:06  Spore Crawler  
  123  11:07  Spore Crawler  
  123  11:08  Spore Crawler  
  123  11:09  Spore Crawler x2, Drone x2  
  123  11:10  Spore Crawler x2, Drone  
  123  11:11  Drone x2  
  120  11:12  Drone  
  118  11:28  Roach x8  
  118  11:29  Roach  
  118  11:30  Queen  
  138  11:32  Overseer  
  138  11:34  Overseer  
  138  11:44  Hydralisk x3  
  133  11:59  Hydralisk x6  
  113  12:07  Hydralisk  
  91  12:30  Zergling x2  
  91  12:31  Zergling x24  
  82  12:51  Hydralisk x3  
  76  12:58  Hatchery  
  81  13:02  Drone x5  
  86  13:05  Extractor  
  86  13:07  Hatchery  
  84  13:19  Hydralisk x6  
  90  13:20  Hydralisk x3  
  102  13:28  Evolution Chamber  
  102  13:29  Evolution Chamber  
  102  13:31  Hydralisk x3  
  102  13:32  Hydralisk  
  103  14:08  Hydralisk  
  103  14:09  Hydralisk x8  
Show
View Real Time Build Order
Export as new Build Order

MarkAllan Zerg 

Build Orders: Pool First 

Get SALT Encoding   

  12  0:01  Drone  
  13  0:08  Drone  
  14  0:16  Overlord  
  14  0:33  Spawning Pool  
  13  0:37  Drone  
  14  0:43  Extractor  
  14  0:44  Drone  
  14  0:48  Drone  
  15  0:52  Drone  
  16  1:17  Hatchery  
  15  1:28  Queen  
  15  1:31  Drone  
  18  1:36  Drone  
  19  1:45  Overlord  
  19  1:49  Drone  
  20  1:57  Zergling x2  
  20  2:01  Metabolic Boost  
  21  2:05  Drone  
  22  2:15  Zergling x2  
  23  2:29  Queen  
  25  2:41  Zergling x2  
  25  2:42  Zergling x12  
  32  2:58  Drone x2  
  34  3:04  Roach Warren, Drone  
  34  3:15  Drone x2  
  28  3:52  Roach x3  
  28  3:53  Overlord x2  
  34  3:58  Drone  
  34  4:01  Lair  
  35  4:04  Extractor  
  35  4:17  Drone x6  
  40  4:25  Evolution Chamber  
  39  4:36  Roach x2  
  39  4:37  Roach x4  
  39  4:38  Overlord  
  51  4:53  Zerg Missile Weapons Level 1  
  51  4:58  Roach  
  51  4:59  Roach x3  
  59  5:09  Overlord x2  
  59  5:17  Overlord  
  58  5:34  Drone x6  
  64  5:40  Glial Reconstitution  
  64  5:44  Drone x2  
  64  5:45  Drone  
  67  5:52  Extractor  
  67  5:55  Roach x2  
  70  5:59  Overseer  
  72  6:04  Roach  
  72  6:14  Roach x2  
  76  6:25  Overlord x2  
  76  6:26  Drone  
  76  6:27  Drone x4  
  81  6:39  Hatchery  
  80  6:47  Zerg Ground Armor Level 1  
  80  6:48  Roach x5  
  80  6:49  Roach x2  
  94  7:07  Roach x3  
  100  7:10  Overlord x2  
  94  7:52  Hydralisk Den  
  93  7:59  Spore Crawler  
  93  8:00  Spore Crawler  
  93  8:02  Spore Crawler  
  90  8:23  Grooved Spines  
  90  8:24  Hydralisk x2  
  94  8:36  Hydralisk  
  94  8:38  Zergling x4  
  94  8:39  Zergling x8  
  94  8:41  Zerg Missile Weapons Level 2  
  84  8:58  Hydralisk  
  82  9:07  Hydralisk  
  82  9:15  Hydralisk  
  82  9:31  Hatchery  
  82  9:38  Overlord x6, Hatchery  
  80  9:48  Hatchery  
  79  10:15  Roach x3  
  79  10:16  Roach x3  
  91  10:23  Roach  
  91  10:24  Roach x3  
  99  10:41  Hydralisk x3  
  99  10:42  Hydralisk x2  
  109  10:52  Hydralisk  
  109  10:53  Hydralisk  
  113  10:57  Overlord  
  113  10:59  Roach x2  
  117  11:11  Hydralisk  
  117  11:12  Zergling x4  
  117  11:13  Zergling x6  
  88  11:36  Hydralisk x3  
  88  11:38  Zergling x14  
  88  11:39  Zergling x8  
  105  11:49  Overseer  
  67  12:04  Zergling x2  
  67  12:05  Zergling x20  
  68  12:14  Roach x2  
  68  12:15  Roach x2  
  62  12:40  Hydralisk x4  
  62  12:42  Zergling x16  
  62  12:43  Zergling x4  
  74  13:22  Zergling x2, Extractor  
  74  13:23  Zergling x28  
  76  13:52  Zergling x4, Hydralisk x2  
  76  13:53  Hydralisk x5  
  76  13:54  Zergling x4  
  76  13:55  Zergling x14  
  99  13:56  Zergling x2  
  93  14:23  Hydralisk x7  
  75  14:33  Drone  
Show
View Real Time Build Order
Export as new Build Order

OpuS Protoss - Winner!

Build Orders: 1 Gate Expand, Carriers 

Get SALT Encoding   

  12  0:01  Probe  
  13  0:13  Probe  
  14  0:20  Pylon  
  14  0:25  Probe  
  15  0:41  Gateway  
  15  0:46  Probe  
  15  0:49  Assimilator  
  16  0:54  Probe  
  16  1:02  Probe  
  18  1:12  Probe  
  19  1:27  Nexus  
  19  1:37  Cybernetics Core  
  19  1:51  Probe  
  20  1:58  Gateway  
  20  2:02  Pylon  
  20  2:03  Probe  
  21  2:13  Warp Gate  
  21  2:17  Adept  
  23  2:36  Assimilator  
  22  2:44  Probe  
  22  2:45  Adept  
  22  2:48  Probe  
  26  2:52  Adept  
  26  2:56  Probe  
  29  3:02  Twilight Council, Probe  
  30  3:09  Probe  
  31  3:21  Adept x2  
  31  3:28  Charge  
  29  3:58  Probe  
  29  3:59  Probe  
  30  4:06  Adept x2  
  34  4:22  Gateway  
  34  4:27  Gateway  
  34  4:30  Probe x2  
  36  4:36  Pylon  
  36  4:37  Adept x2  
  41  4:45  Probe  
  41  4:46  Probe  
  42  4:57  Probe  
  42  4:58  Probe  
  44  5:12  Probe x2  
  46  5:16  Zealot x2  
  46  5:17  Zealot  
  52  5:24  Probe  
  53  5:32  Probe  
  54  5:42  Pylon  
  54  5:43  Pylon  
  54  5:48  Stargate  
  54  5:50  Stargate  
  54  5:53  Probe x2  
  54  6:01  Stalker x2  
  54  6:02  Stalker  
  54  6:03  Stalker  
  62  6:05  Probe  
  62  6:08  Probe  
  64  6:12  Assimilator  
  64  6:16  Assimilator  
  64  6:17  Probe  
  65  6:20  Probe  
  66  6:29  Probe  
  66  6:32  Probe  
  68  6:35  Pylon  
  68  6:37  Pylon  
  68  6:40  Pylon  
  68  6:43  Void Ray x2  
  68  6:46  Zealot  
  78  7:04  Probe x2  
  80  7:26  Void Ray x2  
  78  7:54  Zealot  
  78  7:55  Zealot x3  
  86  7:59  Nexus, Void Ray x2  
  93  8:20  Probe x2  
  93  8:25  Pylon  
  93  8:26  Pylon  
  94  8:28  Pylon  
  94  8:32  Probe  
  89  8:41  Probe  
  84  8:42  Void Ray x2  
  84  8:44  Probe  
  83  8:53  Probe  
  84  8:55  Stargate  
  84  9:15  Probe x3  
  87  9:24  Void Ray x2  
  87  9:27  Probe x3  
  94  9:39  Probe x2  
  94  9:54  Probe x3  
  94  9:57  Zealot x3  
  94  9:58  Zealot  
  105  10:01  Pylon  
  105  10:06  Probe  
  106  10:07  Void Ray x2  
  106  10:12  Assimilator  
  114  10:16  Assimilator  
  114  10:17  Void Ray  
  118  10:22  Fleet Beacon  
  118  10:24  Zealot  
  118  10:25  Zealot  
  122  10:37  Gateway  
  122  10:38  Gateway  
  122  10:40  Gateway  
  122  10:42  Gateway  
  122  10:47  Zealot  
  122  10:48  Zealot x2  
  128  10:50  Zealot  
  130  11:00  Robotics Facility  
  130  11:03  Templar Archives  
  130  11:14  Nexus  
  130  11:15  Pylon  
  110  11:32  Carrier x2  
  122  11:35  Carrier  
  112  12:03  Probe x3  
  112  12:06  Protoss Air Weapons Level 1  
  103  12:12  Stargate  
  103  12:14  Cybernetics Core  
  95  12:29  Probe x3, Stargate  
  98  12:31  Carrier x2, Probe  
  98  12:32  Carrier, Stargate  
  98  12:35  Forge  
  99  12:37  Assimilator  
  99  12:41  Probe, Assimilator  
  118  12:49  Carrier  
  118  13:04  Probe x4  
  128  13:16  Probe x2  
  128  13:17  Probe x2  
  132  13:25  Zealot x3  
  132  13:26  Zealot x5  
  148  13:33  Carrier  
  133  13:52  Zealot x3  
  129  13:56  Probe x2  
  129  13:57  Probe x2  
  128  14:07  Zealot  
  128  14:08  Probe  
  128  14:11  Zealot  
  126  14:23  Zealot x2  
  126  14:24  Probe  
  126  14:25  Probe  
Show
View Real Time Build Order
Export as new Build Order

Sketchaphone Zerg - Winner!

Build Orders: Hatch First, Lurkers 

Get SALT Encoding   

  12  0:01  Drone  
  13  0:15  Overlord  
  13  0:16  Drone  
  14  0:23  Drone, Extractor  
  15  0:35  Drone  
  16  0:37  Drone  
  17  0:56  Hatchery  
  16  0:59  Drone  
  16  1:03  Extractor  
  16  1:04  Drone  
  17  1:24  Spawning Pool  
  16  1:33  Drone  
  16  1:35  Drone  
  16  1:36  Drone  
  19  1:51  Drone  
  20  1:58  Overlord  
  20  2:15  Spine Crawler  
  19  2:16  Metabolic Boost  
  20  2:29  Overlord, Roach Warren  
  19  2:30  Drone x2  
  20  2:46  Spine Crawler  
  20  2:47  Spine Crawler  
  20  2:48  Zergling x4  
  20  2:50  Spine Crawler  
  19  2:57  Drone  
  19  2:58  Drone x2  
  22  3:03  Zergling x2  
  23  3:06  Zergling x2  
  23  3:09  Zergling x2  
  25  3:15  Zergling x2  
  25  3:18  Zergling x2  
  27  3:23  Zergling x2  
  28  3:32  Zergling x4  
  24  3:43  Queen, Zergling x4  
  24  3:44  Queen  
  30  3:55  Zergling x4  
  32  4:06  Drone x2  
  34  4:15  Drone x2  
  36  4:26  Drone  
  36  4:27  Drone  
  38  4:34  Overlord  
  38  4:40  Roach  
  40  4:46  Hatchery  
  40  4:50  Roach x2  
  43  4:56  Roach  
  43  4:57  Drone  
  46  5:11  Roach x2  
  50  5:15  Overlord x2  
  50  5:16  Drone  
  50  5:38  Overlord  
  50  5:39  Drone x2  
  52  5:43  Lair, Drone  
  52  5:44  Drone x2  
  52  5:46  Extractor  
  52  5:47  Evolution Chamber  
  52  5:48  Evolution Chamber  
  52  6:04  Overlord  
  52  6:05  Overlord  
  52  6:06  Drone  
  53  6:12  Drone x3  
  56  6:19  Queen  
  56  6:20  Drone  
  56  6:21  Overlord, Drone  
  60  6:31  Zerg Missile Weapons Level 1  
  60  6:32  Zerg Ground Armor Level 1  
  60  6:40  Drone x7, Extractor  
  60  6:41  Extractor  
  65  6:54  Spine Crawler  
  65  6:55  Spine Crawler  
  63  7:02  Roach x4  
  69  7:16  Drone x2  
  69  7:17  Drone x2  
  70  7:39  Roach  
  70  7:40  Roach x5  
  73  7:45  Roach  
  73  7:48  Ravager  
  74  7:57  Hydralisk Den  
  73  8:00  Drone x3  
  76  8:17  Roach  
  76  8:18  Roach x3  
  84  8:24  Hatchery  
  83  8:30  Grooved Spines  
  83  8:31  Hydralisk x4  
  91  8:34  Hatchery  
  69  9:11  Lurker Den  
  69  9:15  Ravager  
  69  9:16  Ravager  
  70  9:23  Zergling x16  
  78  9:32  Queen  
  80  9:41  Glial Reconstitution  
  80  9:53  Hydralisk  
  80  9:54  Hydralisk x4  
  90  10:03  Overlord  
  90  10:04  Overlord x3  
  90  10:05  Queen x2  
  94  10:09  Overlord, Drone x2  
  94  10:12  Queen  
  96  10:39  Lurker  
  96  10:40  Lurker x4  
  95  10:44  Drone x3  
  98  10:53  Zerg Missile Weapons Level 2  
  98  10:54  Zerg Ground Armor Level 2  
  98  11:01  Drone x4, Extractor  
  98  11:02  Drone x2, Extractor  
  102  11:07  Overseer  
  102  11:11  Hydralisk x2  
  102  11:12  Roach x3  
  102  11:15  Roach  
  112  11:54  Zergling x32  
  109  11:58  Drone  
  108  12:04  Zergling x6  
  108  12:13  Drone x2  
  108  12:14  Drone  
  81  12:46  Hydralisk x4  
  81  12:47  Hydralisk x12  
  81  12:50  Hydralisk x2  
  104  13:08  Infestation Pit  
  104  13:11  Drone  
  104  13:12  Drone x3  
  107  13:20  Zergling x10  
  107  13:21  Zergling x4  
  114  13:30  Muscular Augments  
  114  13:40  Zergling x34  
  128  13:54  Overseer  
  128  14:06  Lurker x5  
  128  14:09  Roach  
  135  14:10  Overlord x2  
  135  14:11  Overlord, Drone  
Tags
 
Add a new tag
Caveats
  • Supply blocks, unpowered buildings, or Contaminate may cause inaccurate times.
  • Supply counts are checked every 10 seconds.